 Dungeon Crawl Stone Soup version 0.26-a0-778-g3fe0686644 (webtiles) character file.

Game seed: 10510426003109695905

383 Xolotl the Slasher (level 7, 0/54 HPs)
             Began as a Human Chaos Knight on Nov 9, 2020.
             Was a Plaything of Xom.
             Slain by a gnoll
             ... wielding a +0 flail
              (21 damage)
             ... on level 3 of the Dungeon.
             The game lasted 00:14:55 (3114 turns).

Xolotl the Slasher (Human Chaos Knight)             Turns: 3114, Time: 00:14:56

Health: 0/54       AC:  1    Str: 14    XL:     7   Next: 5%
Magic:  7/7        EV: 13    Int: 13    God:    Xom [......]
Gold:   124        SH:  0    Dex: 18    Spells: 6/6 levels left

rFire    . . .     SeeInvis .   a - +0 falchion (chaos)
rCold    . . .     Faith    .   (no shield)
rNeg     . . .     Spirit   .   b - +2 leather armour
rPois    .         Reflect  .   (no helmet)
rElec    .         Harm     .   (no cloak)
rCorr    .         Rampage  .   (no gloves)
MR       .....                  (no boots)
Stlth    +.........             (no amulet)
HPRegen  0.18/turn              h - +6 ring of dexterity
MPRegen  0.10/turn              n - -4 ring of protection (curse)

@: no status effects
A: no striking features
a: Renounce Religion


You were on level 3 of the Dungeon.
You worshipped Xom.
You were a very special plaything of Xom.
You visited 1 branch of the dungeon, and saw 3 of its levels.

You collected 124 gold pieces.

Inventory:

Hand Weapons
 a - a +0 falchion of chaos (weapon)
Missiles
 k - 18 poisoned darts (quivered)
Armour
 b - a +2 leather armour (worn)
Jewellery
 h - a +6 ring of dexterity (left hand)
 n - a cursed -4 ring of protection (right hand)
 o - a +6 ring of dexterity
Scrolls
 d - a scroll of immolation
 e - a scroll of magic mapping
 f - a scroll of remove curse {unknown}
 j - a scroll of identify
Potions
 c - a potion of lignification
 i - a potion of berserk rage
 m - 2 potions of cancellation


   Skills:
 + Level 4.2 Fighting
 * Level 5.1 Long Blades
 + Level 3.5 Armour
 + Level 3.0 Dodging


You had 6 spell levels left.
You didn't know any spells.
Your spell library was empty.

Dungeon Overview and Level Annotations

Branches:
Dungeon (3/15)

Altars:
The Shining One


Message History

The gnoll completely misses you.
You miss the gnoll.
The gnoll is almost dead.
The gnoll barely misses you.
You closely miss the gnoll.
The gnoll is almost dead.
You barely miss the gnoll.
The gnoll is almost dead.
The gnoll hits you with a +0 flail!
You hit the gnoll but do no damage.
The gnoll seems to grow stronger.
The gnoll is almost dead.
The gnoll closely misses you.
You hit the gnoll but do no damage.
The gnoll is almost dead.
The gnoll hits you with a +0 flail.
You hit the gnoll.
The gnoll is almost dead.
The gnoll hits you with a +0 flail!!
You die... "It's all fun and games until someone loses an eye."

#.)..## ##.#...## ##..#....##
##†.###....############
##..##.##....#.).......#####
#..##...##.....# #...(....#
..##..8..##..### #.##.###.#
.##..8.8..##.).####(##.###.##
##..8._.8..###..@##.##.##...#
.##..8.8..##.....g..##.##.#.###
..##..8..##..#########....#...###
#..#'...##...# #g.#####....
##..##.##..#<# #....#...#.#
##..###..##.# #.##.#.###.#
##..#......#########.##........
##.#.####.........#.#####.##.#
#####...# #.######..>..####.#..)


You could see a gnoll (strong, agile).

Vanquished Creatures
  Grinder (D:3)
  A water moccasin skeleton (D:2)
  An orc wizard (D:3)
  An adder (D:3)
  5 gnolls
  A white imp (D:2)
  An ooze (D:2)
  4 worms
  2 dart slugs
  A leopard gecko (D:2)
  4 orcs (D:3)
  4 giant cockroaches
  7 goblins
  3 hobgoblins
  3 jackals (D:2)
  A quokka (D:3)
  A ball python (D:2)
  5 bats
  3 frilled lizards
  4 kobolds
  5 rats
58 creatures vanquished.

Vanquished Creatures (others)
  4 toadstools (D:1)
4 creatures vanquished.

Grand Total: 62 creatures vanquished

Notes
Turn   | Place    | Note
-------+----------+-------------------------------------------
     0 | D:1      | Xolotl the Human Chaos Knight began the quest for the Orb.
     0 | D:1      | Reached XP level 1. HP: 18/18 MP: 1/1
    53 | D:1      | XOM: silly message
    90 | D:1      | XOM: silly message
   136 | D:1      | XOM: silly message
   244 | D:1      | Reached XP level 2. HP: 24/24 MP: 2/2
   457 | D:1      | XOM: 7-stop teleportation journey
   508 | D:1      | XOM: silly message
   610 | D:1      | XOM: silly message
   620 | D:1      | Reached XP level 3. HP: 29/29 MP: 3/3
   982 | D:2      | XOM: silly message
  1010 | D:2      | XOM: potion effect (brilliance)
  1017 | D:2      | Reached XP level 4. HP: 13/35 MP: 4/4
  1158 | D:2      | XOM: divination: detect creatures
  1254 | D:2      | XOM: divination: detect items
  1278 | D:2      | XOM: divination: detect creatures
  1367 | D:2      | Reached skill level 4 in Long Blades
  1637 | D:2      | Reached XP level 5. HP: 41/41 MP: 5/5
  1641 | D:2      | XOM: silly message
  1858 | D:2      | XOM: silly message
  2125 | D:3      | XOM: smoke on damage
  2129 | D:3      | Found a glowing golden altar of the Shining One.
  2177 | D:3      | XOM: silly message
  2204 | D:3      | XOM: silly message
  2249 | D:3      | XOM: silly message
  2250 | D:3      | XOM: noise
  2758 | D:3      | Noticed Grinder
  2762 | D:3      | XOM: noise
  2774 | D:3      | Paralysed by Grinder for 5 turns
  2779 | D:3      | XOM: cast spell 'Call Canine Familiar'
  2786 | D:3      | Paralysed by Grinder for 4 turns
  2795 | D:3      | Killed Grinder
  2795 | D:3      | Reached skill level 5 in Long Blades
  2795 | D:3      | Reached XP level 6. HP: 33/48 MP: 6/6
  2844 | D:3      | XOM: cloud trail
  2950 | D:3      | Reached XP level 7. HP: 16/54 MP: 7/7
  3093 | D:3      | XOM: enchant monster (bad)
  3114 | D:3      | Slain by a gnoll

Illustrated notes

Levels and vault maps discovered:
D:1:      ldierk_walled_garden_2, layout_basic, minmay_tetromino_l2
D:2:      layout_basic
D:3:      layout_loops_ring, elyvilon_altar_3, tso_metal_star, uniq_grinder

Skill      XL: |  1  2  3  4  5 |
---------------+----------------+-----
Dodging        | 2 3 |  3.0
Long Blades    | 4 5 |  5.1
Armour         | 3 |  3.5
Fighting       | 4 |  4.2

Action                   |  1- 3 |  4- 6 |  7- 9 || total
-------------------------+-------+-------+-------++-------
Melee: Falchion          |    65 |   134 |    10 ||   209
       Unarmed           |       |    20 |       ||    20
Throw: Dart              |       |     1 |       ||     1
  Use: Scroll            |       |    10 |       ||    10
 Stab: Sleeping          |       |     5 |       ||     5
Armor: Leather armour    |    23 |    22 |       ||    45
       Skin              |       |     2 |       ||     2
Dodge: Dodged            |    44 |    81 |     4 ||   129
       Rpst.: Falchion   |    14 |    15 |       ||    29

Table legend: (Time is in decaauts)
 A = Elapsed time spent in this place.
 B = Non-inter-level travel time spent in this place.
 C = Inter-level travel time spent in this place.
 D = Time resting spent in this place.
 E = Time spent auto-exploring this place.
 F = Levels seen in this place.
 G = Mean time per level.
                   A        B        C        D        E       F      G
               +--------+--------+--------+--------+--------+-----+--------+
         Total |   3139 |   3027 |    112 |    526 |   1803 |   3 | 1046.3 |
       Dungeon |   3139 |   3027 |    112 |    526 |   1803 |   3 | 1046.3 |
               +--------+--------+--------+--------+--------+-----+--------+

Top non-repeatable levels by time:
     D:2: 1252 daAuts
     D:1: 977 daAuts
     D:3: 909 daAuts
